 Dungeon Crawl Stone Soup version 0.20.1-1-g8b1a95d66d (webtiles) character file.

494 JayJay1191 the Archer (level 6, -2/56 HPs)
             Began as a Centaur Hunter on Dec 8, 2017.
             Was an Initiate of Okawaru.
             Slain by an adder (5 damage)
             ... on level 5 of the Dungeon.
             The game lasted 00:20:25 (3478 turns).

JayJay1191 the Archer (Centaur Hunter)              Turns: 3478, Time: 00:20:25

Health: -2/56      AC:  5    Str: 16    XL:     6   Next: 92%
Magic:  6/6        EV:  9    Int: 10    God:    Okawaru [......]
Gold:   240        SH:  0    Dex: 10    Spells: 5/5 levels left

rFire    . . .     SeeInvis +   a - +1 shortbow
rCold    . . .     Gourm    .   (shield currently unavailable)
rNeg     . . .     Faith    .   c - +0 leather armour
rPois    .         Spirit   .   n - +0 helmet
rElec    .         Reflect  .   (no cloak)
rCorr    .         Harm     .   (no gloves)
MR       .....                  (no barding)
Stlth    +.........             (no amulet)
Regen    0.2/turn               h - ring of see invisible
MPRegen  0.1/turn               (no ring)

@: lethally poisoned (-2 -> -13), very quick
A: hooves 3, deformed body, speed 2, tough skin 3
a: Renounce Religion


You were on level 5 of the Dungeon.
You worshipped Okawaru.
Okawaru was noncommittal.
You were not hungry.

You visited 2 branches of the dungeon, and saw 6 of its levels.

You collected 240 gold pieces.

Inventory:

Hand Weapons
 a - a +1 shortbow (weapon)
 b - a +0 short sword
Armour
 c - a +0 leather armour (worn)
 n - a +0 helmet (worn)
Jewellery
 h - a ring of see invisible (left hand)
 q - a cursed ring of loudness {unknown}
Wands
 w - a wand of random effects (25/48)
Scrolls
 e - 3 scrolls of random uselessness {unknown}
 j - a scroll of identify {unknown}
 k - a scroll of enchant armour {unknown}
 l - 4 scrolls of remove curse {unknown}
 m - a scroll of enchant weapon {unknown}
 r - 2 scrolls of recharging {unknown}
 t - a scroll of amnesia {unknown}
Potions
 g - 2 potions of curing
 i - a potion of might {unknown}
 o - 2 potions of resistance {unknown}
 s - a potion of haste {unknown}
 u - a potion of brilliance {unknown}
 x - a potion of invisibility {unknown}
 z - a potion of heal wounds {unknown}
Comestibles
 f - 4 bread rations
 p - a fruit
 v - 3 royal jellies


   Skills:
 - Level 5.0 Fighting
 - Level 9.1 Bows
 - Level 1.3 Dodging
 - Level 0.4 Stealth
 + Level 0.4 Unarmed Combat


You had 5 spell levels left.
You didn't know any spells.

Dungeon Overview and Level Annotations

Branches:
Dungeon (5/15)             Temple (1/1) D:4

Altars:
Ashenzari
Hepliaklqana
Kikubaaqudgha
Nemelex Xobeh
Okawaru
Qazlal
Ru
Vehumet
Zin


Innate Abilities, Weirdness & Mutations

You have hooves in place of feet.
Armour fits poorly on your strangely shaped body.
You cover ground very quickly.
You have extremely tough skin. (AC +3)


Message History

You feel sick. The adder barely misses you. The adder closely misses you.
You feel sick. The adder bites you.
You are more poisoned.
The adder poisons you!
You feel sick. The adder bites you.
* * * LOW HITPOINT WARNING * * *
You are more poisoned.
The adder poisons you!
* * * LOW HITPOINT WARNING * * *
You feel sick. The adder bites you.
* * * LOW HITPOINT WARNING * * *
The adder closely misses you.
* * * LOW HITPOINT WARNING * * *
You feel sick. The adder bites you.
* * * LOW HITPOINT WARNING * * *
* * * LOW HITPOINT WARNING * * *
You feel sick. The adder bites you but does no damage.
* * * LOW HITPOINT WARNING * * *
You feel sick. The adder bites you.
You die...

#. ## ...
#..########..##
#............
#...........#
#....@.....#
.......S....##
###........##
#........#
#........#
#...$....#
#........#
#....(...#


You could see an adder.

Vanquished Creatures
  An ice beast (D:3)
  An ogre (D:4)
  A wyvern skeleton (D:4)
  A gnoll shaman (D:4)
  Ijyb (D:4)
  5 gnolls (D:4)
  6 adders
  2 oozes
  A worm (D:4)
  A dart slug (D:1)
  5 leopard geckos
  An orc (D:4)
  2 ball pythons (D:1)
  11 bats
  A giant cockroach (D:1)
  13 goblins
  11 hobgoblins
  4 jackals (D:3)
  4 quokkas
  2 frilled lizards (D:2)
  11 kobolds
  A leopard gecko skeleton (D:4)
  4 rats
90 creatures vanquished.

Notes
Turn   | Place    | Note
-------+----------+-------------------------------------------
     0 | D:1      | JayJay1191 the Centaur Hunter began the quest for the Orb.
     0 | D:1      | Reached XP level 1. HP: 17/17 MP: 1/1
    80 | D:1      | Reached XP level 2. HP: 24/24 MP: 2/2
   114 | D:1      | Reached skill level 6 in Bows
   409 | D:1      | Reached XP level 3. HP: 29/29 MP: 3/3
  1161 | D:2      | Found an iron altar of Okawaru.
  1225 | D:2      | Reached skill level 7 in Bows
  1447 | D:2      | Reached XP level 4. HP: 34/36 MP: 4/4
  1709 | D:2      | Found a faded altar of an unknown god.
  1868 | D:3      | Noticed an ice beast
  1892 | D:3      | Killed an ice beast
  1892 | D:3      | Reached skill level 8 in Bows
  1892 | D:3      | Reached XP level 5. HP: 41/41 MP: 5/5
  2644 | D:4      | Noticed an ogre
  2663 | D:4      | Killed an ogre
  2663 | D:4      | Reached XP level 6. HP: 51/51 MP: 6/6
  2788 | D:4      | Noticed Ijyb
  2810 | D:4      | Killed Ijyb
  2944 | D:4      | Reached skill level 5 in Fighting
  3023 | D:4      | Reached skill level 9 in Bows
  3097 | D:4      | Found a staircase to the Ecumenical Temple.
  3103 | Temple   | Entered the Ecumenical Temple
  3196 | Temple   | Became a worshipper of Warmaster Okawaru
  3303 | D:4      | Found a hazy altar of Hepliaklqana.
  3329 | D:4      | Found an ancient bone altar of Kikubaaqudgha.
  3354 | D:4      | Found a sacrificial altar of Ru.
  3397 | D:5      | Entered Level 5 of the Dungeon
  3478 | D:5      | Slain by an adder

Skill      XL: |  1  2  3  4  5  6 |
---------------+-------------------+-----
Bows           | 6 7 8 9 |  9.1
Fighting       | 3 5 |  5.0
Dodging        | |  1.3
Stealth        | |  0.4
Unarmed Combat | |  0.4

Action                   |  1- 3 |  4- 6 || total
-------------------------+-------+-------++-------
Melee: Shortbow          |       |     3 ||     3
 Fire: Shortbow          |   126 |   194 ||   320
  Eat: Chunk             |       |     1 ||     1
       Bread ration      |       |     1 ||     1
Armor: Leather armour    |    15 |    26 ||    41
Dodge: Dodged            |    22 |    47 ||    69
